 Dungeon Crawl Stone Soup version 0.28-a0-895-g6e5f11bd55 (webtiles) character file.

Game seed: 8509281637465961656

1181 bande the Chopper (level 8, -3/48 HPs)
             Began as a Gargoyle Fighter on Nov 22, 2021.
             Was an Initiate of Okawaru.
             Engulfed by a steam dragon's steam (10 damage)
             ... on level 6 of the Dungeon.
             The game lasted 00:10:31 (6787 turns).

bande the Chopper (Gargoyle Fighter)                Turns: 6787, Time: 00:10:32

Health: -3/48      AC: 16    Str: 22    XL:     8   Next: 42%
Magic:  8/8        EV:  4    Int:  8    God:    Okawaru [......]
Gold:   324        SH: 14    Dex: 16    Spells: 7/7 levels left

rFire   . . .      SeeInvis .   a - +1 war axe (protect)
rCold   . . .      Faith    .   g - +0 tower shield
rNeg    + . .      Spirit   .   o - +0 chain mail
rPois   ∞          Reflect  .   l - +0 helmet
rElec   +          Harm     .   (no cloak)
rCorr   .          Rampage  .   (no gloves)
Will    .....                   (no boots)
Stlth   ..........              (no amulet)
HPRegen 0.16/turn               h - +6 ring of dexterity
MPRegen 0.11/turn               (no ring)

@: no status effects
A: sickness immunity, AC +5, negative energy resistance 1, electricity
resistance, torment resistance 1, petrification resistance
a: Renounce Religion


You were on level 6 of the Dungeon.
You worshipped Okawaru.
Okawaru was noncommittal.
You visited 2 branches of the dungeon, and saw 7 of its levels.

You collected 324 gold pieces.

Inventory:

Hand Weapons
 a - a +1 war axe of protection (weapon)
Armour
 g - a +0 tower shield (worn)
 l - a +0 helmet (worn)
 n - a +2 hat
 o - a +0 chain mail (worn)
Jewellery
 h - a +6 ring of dexterity (left hand)
Wands
 j - a wand of digging (7)
Scrolls
 i - a scroll of brand weapon
 k - 4 scrolls of holy word
 p - a scroll of silence
 q - a scroll of fog
 s - a scroll of identify
Potions
 b - a potion of magic
 c - a potion of haste {unknown}
 d - a potion of brilliance
 e - 2 potions of might
 f - 2 potions of curing
 m - a potion of cancellation {unknown}
 r - a potion of mutation {unknown}


   Skills:
 + Level 4.9 Fighting
 + Level 6.1 Axes
 + Level 5.6 Armour
 - Level 0.2 Stealth
 + Level 5.1 Shields
 * Level 1.2 Invocations
 * Level 2.4 Evocations


You had 7 spell levels left.
You didn't know any spells.
Your spell library contained the following spells:

 Spells                   Type           Power      Damage    Failure   Level
 Magic Dart               Conj           0%         1d3       100%        1
 Searing Ray              Conj           0%         2d4       100%        2
 Fulminant Prism          Conj/Hex       0%         3d6       100%        4


Dungeon Overview and Level Annotations

Branches:
Dungeon (6/15)             Temple (1/1) D:5

Altars:
Dithmenos
Fedhas
Makhleb
Okawaru
Qazlal
Yredelemnul

Shops:
D:3 =   D:5 [


Innate Abilities, Weirdness & Mutations

You are immune to sickness and miasma.
Your stone body is resilient. (AC +5)
You are immune to poison.
You resist negative energy. (rN+)
You are resistant to electric shocks. (rElec)
You are resistant to unholy torment.
You are immune to petrification.


Message History

The steam dragon bites you but does no damage.
You block the steam dragon's attack.
You hear a shout!
You feel better.
You are engulfed in a cloud of scalding steam.
The steam dragon bites you but does no damage.
You block the steam dragon's attack.
You closely miss the steam dragon.
The steam dragon is heavily wounded.
You are engulfed in a cloud of scalding steam.
You block the steam dragon's attack.
The steam dragon claws you but does no damage.
You closely miss the steam dragon.
The steam dragon is heavily wounded.
You block the steam dragon's attack.
The steam dragon claws you but does no damage.
The steam dragon bites you but does no damage.
You block the steam dragon's attack.
You closely miss the steam dragon.
The steam dragon is heavily wounded.
The steam dragon bites you but does no damage.
The steam dragon claws you but does no damage.
The steam dragon bites you but does no damage.
The steam dragon claws you but does no damage.
You slash the steam dragon!
Your weapon exudes an aura of protection.
The steam dragon is almost dead.
The steam dragon breathes steam at you.
The ball of steam hits you but does no damage.
You barely miss the steam dragon.
The steam dragon is almost dead.
You are engulfed in a cloud of scalding steam.
The steam dragon bites you but does no damage.
The steam dragon claws you but does no damage.
The steam dragon breathes steam at you. The ball of steam hits you!
* * * LOW HITPOINT WARNING * * *
You feel better.
You are engulfed in a cloud of scalding steam.
You die...

##*,,*,*****#.#.# #.#
*,,*,* #.#.##########.#
*<,*,* #........†.....#
**,*,*#######.############
*,,,,,..........#
*,,*,*#######.#.# *
*,,,,**##.......# #
*,,,,,........§.#
#**,,,,*###.....@.#
,**,,,,* ###...D.#
,**,,,,* #.....# ,,*,,,,*
#.#.#.#
*,*,,,,*****#.#.#.#
*,,,,***,,,,#.#.*.#
**,,,,,,,,,,+,#.*.#
**,,,***,,,,**#.*.#
,,,,,,,,,,,,,,,,*,*


You could see a steam dragon (catching breath).

Vanquished Creatures
  Sigmund (D:2)
  2 water moccasins
  A sky beast (D:6)
  A necrophage (D:5)
  An ogre (D:4)
  A howler monkey (D:5)
  A centaur zombie (D:6)
  A hound (D:5)
  An orc priest (D:2)
  A jelly (D:5)
  A centaur skeleton (D:6)
  Jessica (D:3)
  3 iguanas
  Ijyb (D:3)
  Natasha (D:1)
  A hound skeleton (D:4)
  Robin (D:2)
  8 adders
  An ufetubus (D:6)
  An adder skeleton (D:4)
  2 worms
  2 dart slugs
  7 orcs
  5 ball pythons
  7 endoplasms
  3 giant cockroaches
  17 goblins
  5 hobgoblins
  2 jackals (D:4)
  7 kobolds
  A quokka (D:5)
  5 bats
  4 frilled lizards
  10 rats
107 creatures vanquished.

Vanquished Creatures (others)
  3 fungi (D:2)
  2 plants (D:2)
5 creatures vanquished.

Grand Total: 112 creatures vanquished

Notes
Turn   | Place    | Note
-------+----------+-------------------------------------------
     0 | D:1      | bande the Gargoyle Fighter began the quest for the Orb.
     0 | D:1      | Reached XP level 1. HP: 14/14 MP: 1/1
   297 | D:1      | Reached skill level 2 in Axes
   297 | D:1      | Reached XP level 2. HP: 19/19 MP: 2/2
  1117 | D:1      | Reached XP level 3. HP: 23/23 MP: 3/3
  1199 | D:2      | Noticed Natasha
  1199 | D:2      | Noticed Robin
  1369 | D:1      | Killed Natasha
  1653 | D:2      | Reached XP level 4. HP: 18/29 MP: 4/4
  1659 | D:2      | Killed Robin
  2701 | D:2      | Reached skill level 3 in Axes
  2728 | D:2      | Found a basalt altar of Yredelemnul.
  2894 | D:2      | Found a faded altar of an unknown god.
  2935 | D:2      | Noticed Sigmund
  2948 | D:2      | Killed Sigmund
  2949 | D:2      | Reached skill level 4 in Axes
  2949 | D:2      | Reached XP level 5. HP: 18/33 MP: 5/5
  2949 | D:2      | Reached XP level 6. HP: 21/38 MP: 6/6
  3505 | D:3      | Found Uticud's One-of-a-Kind Rings.
  3797 | D:3      | Found a burning altar of Makhleb.
  4105 | D:3      | Noticed Jessica
  4111 | D:3      | Killed Jessica
  4128 | D:3      | Noticed Ijyb
  4143 | D:3      | Killed Ijyb
  4252 | D:3      | Found a shadowy altar of Dithmenos.
  4252 | D:3      | Found a basalt altar of Yredelemnul.
  4670 | D:4      | Reached XP level 7. HP: 44/44 MP: 7/7
  4916 | D:4      | Reached skill level 5 in Axes
  4916 | D:4      | Reached skill level 5 in Armour
  5524 | D:5      | Entered Level 5 of the Dungeon
  5583 | D:5      | Reached skill level 1 in Evocations
  5864 | D:5      | Reached XP level 8. HP: 46/48 MP: 8/8
  6068 | D:5      | Found a staircase to the Ecumenical Temple.
  6081 | Temple   | Entered the Ecumenical Temple
  6101 | Temple   | Became a worshipper of Warmaster Okawaru
  6267 | D:5      | Found a blossoming altar of Fedhas.
  6341 | D:5      | Found Wada's Dragon-Slaying Spoils.
  6429 | D:6      | Reached skill level 6 in Axes
  6447 | D:6      | Reached skill level 5 in Shields
  6447 | D:6      | Reached skill level 1 in Invocations
  6786 | D:6      | HP: 1/48 [steam dragon/ball of steam (17)]
  6787 | D:6      | Engulfed by a steam dragon's steam

Illustrated notes

Levels and vault maps discovered:
D:1:      minmay_arrival_arboretum_small, layout_loops_corners,
          minmay_pentomino_u4
D:2:      layout_basic, basic_altar, shapermc_ecumenical_altar_mp_ritualfount,
          uniq_natasha, uniq_robin, uniq_sigmund
D:3:      layout_loops_cross, gammafunk_temple_overflow_elements,
          bloody_makhleb, minmay_fountain_box, nicolae_shop_unique_rings,
          uniq_jessica, uniq_ijyb
D:4:      kb_forest_paths, layout_rooms, eino_small_chamber_without_monster,
          kennysheep_generic_room_7
D:5:      layout_cave_pools, kennysheep_mini,
          minmay_temple_entry_statues_pillars, nicolae_shop_dragon_depot
D:6:      layout_basic, uniq_edmund
Temple:   regret_index_temple_waves

Skill      XL: |  1  2  3  4  5  6  7  8 |
---------------+-------------------------+-----
Axes           | 2 4 5 6 |  6.1
Armour         | 4 5 |  5.6
Fighting       | 4 |  4.9
Shields        | 4 5 |  5.1
Evocations     | 1 2 |  2.4
Invocations    | 1 |  1.2
Stealth        | |  0.2

Action                   |  1- 3 |  4- 6 |  7- 9 || total
-------------------------+-------+-------+-------++-------
Melee: War axe           |    84 |   169 |   126 ||   379
  Use: Potion            |       |     1 |     2 ||     3
       Scroll            |       |    12 |     5 ||    17
Armor: Scale mail        |    44 |    37 |       ||    81
       Chain mail        |       |    66 |   118 ||   184
Dodge: Dodged            |    39 |    40 |    23 ||   102
Block: Buckler           |    17 |    20 |       ||    37
       Tower shield      |       |    43 |    95 ||   138

Table legend: (Time is in decaauts)
 A = Elapsed time spent in this place.
 B = Non-inter-level travel time spent in this place.
 C = Inter-level travel time spent in this place.
 D = Time resting spent in this place.
 E = Time spent auto-exploring this place.
 F = Levels seen in this place.
 G = Mean time per level.
                   A        B        C        D        E       F      G
               +--------+--------+--------+--------+--------+-----+--------+
         Total |   7002 |   6862 |    140 |   1350 |   3996 |   7 | 1000.3 |
       Dungeon |   6969 |   6829 |    140 |   1350 |   3996 |   6 | 1161.5 |
        Temple |     33 |     33 |      0 |      0 |      0 |   1 |   33.0 |
               +--------+--------+--------+--------+--------+-----+--------+

Top non-repeatable levels by time:
     D:1: 2431 daAuts
     D:4: 1234 daAuts
     D:2: 1116 daAuts
     D:3: 940 daAuts
     D:5: 833 daAuts
     D:6: 412 daAuts
  Temple: 33 daAuts
